 Dungeon Crawl Stone Soup version 0.27-a0-1154-gfdeffcb720 (webtiles) character file.

Game seed: 773542601092199334

69858 Froggeryz the Bludgeoner (level 14, -2/118 HPs)
             Began as a White Draconian Berserker on May 14, 2021.
             Was the Champion of Trog.
             Engulfed by a cloud of flame (17 damage)
             ... on level 14 of the Dungeon.
             The game lasted 00:45:03 (37497 turns).

Froggeryz the Bludgeoner (DrBe)                    Turns: 37497, Time: 00:45:04

Health: -2/118     AC: 13    Str: 24    XL:     14   Next: 91%
Magic:  23/23      EV: 15    Int:  4    God:    Trog [******]
Gold:   720        SH: 11    Dex: 11    Spells: 13/13 levels left

rFire    . . .     SeeInvis .   y - +4 flail (flame)
rCold    + . .     Faith    .   Y - +0 buckler
rNeg     . . .     Spirit   .   (armour unavailable)
rPois    +         Reflect  +   E - +0 hat
rElec    +         Harm     .   O - +0 cloak {rPois}
rCorr    +         Rampage  .   W - +2 pair of gloves
Will     ++...                  D - +0 pair of boots
Stlth    +.........             x - amulet of reflection
HPRegen  0.29/turn              R - ring of Eczewk {rElec rPois rCorr MP+9 Int-4}
MPRegen  0.18/turn              P - ring of willpower

@: studying Throwing
A: breathe frost, AC +8, unfitting armour, cold resistance 1, cold-blooded,
frail 1
a: Breathe Frost, Renounce Religion, Berserk, Trog's Hand, Brothers in Arms


You were on level 14 of the Dungeon.
You worshipped Trog.
Trog was exalted by your worship.
You visited 4 branches of the dungeon, and saw 23 of its levels.

You collected 2352 gold pieces.
You spent 1632 gold pieces at shops.

Inventory:

Hand Weapons
 y - a +4 flail of flaming (weapon)
 I - the +8 hunting sling of Moderation {flame, rCorr}
   (You found it on level 6 of the Dungeon)

   It causes projectiles fired from it to burn those they strike, causing extra
   injury to most foes and up to half again as much damage against particularly
   susceptible opponents.
   It protects you from acid and corrosion.
Missiles
 l - 5 curare-tipped darts (quivered)
 q - 2 throwing nets
 F - 612 stones
 G - 153 sling bullets
Armour
 D - a +0 pair of boots (worn)
 E - a +0 hat (worn)
 O - a +0 cloak of poison resistance (worn)
 W - a +2 pair of gloves (worn)
 Y - a +0 buckler (worn)
Jewellery
 a - an amulet of the acrobat
 c - a ring of fire
 d - a ring of positive energy
 n - a ring of ice
 s - a ring of flight
 x - an amulet of reflection (around neck)
 K - the ring "Eleesch" {Fire rN+ Will- Str+2}
   (You found it on level 9 of the Dungeon)

   [ring of fire]

   It enhances your fire magic.
   It affects your strength (+2).
   It protects you from fire.
   It makes you vulnerable to cold.
   It protects you from negative energy.
   It decreases your willpower.
 P - a ring of willpower (right hand)
 R - the ring of Eczewk (left hand) {rElec rPois rCorr MP+9 Int-4}
   (You found it on level 6 of the Lair of Beasts)

   [ring of magical power]

   It affects your intelligence (-4).
   It insulates you from electricity.
   It protects you from poison.
   It affects your magic capacity (+9).
   It protects you from acid and corrosion.
Wands
 b - a wand of paralysis (3)
 f - a wand of flame (24)
 v - a wand of mindburst (31)
 L - a wand of iceblast (17)
 V - a wand of charming (7)
Scrolls
 g - 5 scrolls of teleportation
 i - a scroll of summoning {unknown}
 j - 6 scrolls of fear
 o - 3 scrolls of vulnerability
 u - 2 scrolls of immolation
 w - 3 scrolls of enchant armour
 z - 2 scrolls of magic mapping
 B - a scroll of blinking
 Q - 4 scrolls of identify
 S - 3 scrolls of enchant weapon
 X - a scroll of fog
Potions
 e - 3 potions of attraction
 h - 7 potions of haste
 k - a potion of resistance
 m - 2 potions of heal wounds
 p - 4 potions of flight
 r - 3 potions of cancellation
 t - a potion of lignification
 A - 2 potions of invisibility
 C - 11 potions of curing
 H - 3 potions of might
 J - 2 potions of magic
 N - 3 potions of ambrosia
Miscellaneous
 T - a condenser vane
 U - a phantom mirror


   Skills:
 - Level 14.2 Fighting
 - Level 16.0 Maces & Flails
 - Level 8.1 Slings
 - Level 10.3 Dodging
 * Level 9.7 Shields


You had 13 spell levels left.
You didn't know any spells.
Your spell library was empty.

Dungeon Overview and Level Annotations

Branches:
Dungeon (14/15)            Temple (1/1) D:5            Lair (6/6) D:8
  Swamp (0/4) Lair:3        Snake (0/4) Lair:3        Slime (0/5) Lair:6
    Orc (2/2) D:12            Elf (0/3) Orc:2
 Vaults: D:13-14

Altars:
Ashenzari
Cheibriados
Elyvilon
Fedhas
Gozag
Makhleb
Okawaru
Qazlal
Ru
Sif Muna
Trog
Xom
Jiyva

Shops:
D:7 [   Orc:2 [*=*

Annotations:
D:14 1 transporter
Lair:2 exclusion: oklob plant


Innate Abilities, Weirdness & Mutations

You can breathe waves of freezing cold which knock back foes.
Your icy white scales are hard. (AC +8)
You cannot fit into any form of body armour.
Your flesh is cold resistant. (rC+)
You are cold-blooded and may be slowed by cold attacks.
You are frail. (-10% HP)


Message History

A fire crab is nearby!
Found 12 gold pieces.
You block the fire crab's attack. x2
You hit the fire crab but do no damage.
You tail-slap the fire crab, but do no damage.
You block the fire crab's attack. The fire crab claws you.
You are engulfed in flames!
You thump the fire crab!
The fire crab is lightly wounded.
You block the fire crab's attack. The fire crab claws you.
You are engulfed in flames!
You thump the fire crab!
The fire crab is moderately wounded.
You sock the fire crab!
You tail-slap the fire crab, but do no damage.
The fire crab is heavily wounded.
You block the fire crab's attack. The fire crab claws you!
You are engulfed in flames!
You closely miss the fire crab.
The fire crab is heavily wounded.
The fire crab breathes flames at you.
The blast of flame engulfs you but does no damage.
You bludgeon the fire crab!!
The fire crab is severely wounded.
You are engulfed in blazing flames.
The fire crab bites you.
You are engulfed in flames!
* * * LOW HITPOINT WARNING * * *
The fire crab claws you but does no damage.
You hit the fire crab.
The fire crab is almost dead.
You are engulfed in blazing flames.
* * * LOW HITPOINT WARNING * * *
You thump the fire crab!
You kill the fire crab!
Trog accepts your kill.
The fire crab's shape twists and changes as it dies.
You are engulfed in blazing flames.
* * * LOW HITPOINT WARNING * * *
You are engulfed in blazing flames.
You die...

#.# #. #.# #.# #. #.#
#.# #. #.# #.# ##.###
#.# #.# ....# #.# #.#
#.#.# #.# #.#
#.#°#######.#####.#
#°@°°..(.......).).
......°°°####.##.###)###
#.............<#...).)..
######.#.#.###.#.###.#..
#.#$#.# ...# #.#.. ..#.#
# #### #.#.. ####.#
#.##. ... ..... .....


There were no monsters in sight!

Vanquished Creatures
  Snorg (Orc:2)
  Josephine (Lair:5)
  4 catoblepae
  11 hydras
  2 boulder beetles
  3 centaur warriors
  4 two-headed ogres
  6 death yaks
  2 orc high priests (Orc:2)
  A fire crab (shapeshifter) (D:14)
  A lindwurm (Lair:4)
  Pikel (D:4)
  3 orc knights (Orc:2)
  4 ugly things
  2 oklob plants (Lair:6)
  5 orc sorcerers
  2 cyclopes
  4 black mambas
  5 manticores
  6 elephants (Lair:5)
  Joseph (D:7)
  4 centaur zombies
  A torpor snail (Lair:5)
  2 gargoyles (D:7)
  11 cane toads
  An unseen horror (D:10)
  2 rime drakes
  4 kobold demonologists
  A tengu conjurer (D:14)
  15 komodo dragons
  3 trolls
  A hornet (D:10)
  A meliai (D:9)
  5 blink frogs
  6 slime creatures
  2 dream sheep (Lair:5)
  2 meliai zombies (D:11)
  5 wraiths
  6 wyverns
  A vampire (D:12)
  3 basilisks
  35 yaks
  A steam dragon (D:9)
  A warg (Orc:2)
  Edmund (D:4)
  A naga (Lair:3)
  2 acid dragons
  16 water moccasins
  17 orc warriors
  Purgy (D:3)
  A swamp drake (D:12)
  9 ice beasts
  7 ogres
  16 wolves
  4 centaurs
  A lemure (D:4)
  2 phantoms
  15 kobold brigands
  A gnoll sergeant (D:13)
  12 bullfrogs
  A scorpion (D:4)
  A water moccasin zombie (D:5)
  A wyvern zombie (D:8)
  A hornet simulacrum (D:12)
  8 killer bees
  9 wights
  3 electric eels (Lair:5)
  7 howler monkeys (D:10)
  A bullfrog zombie (D:6)
  15 orc priests
  6 hounds
  Crazy Yiuf (D:4)
  3 iron imps (D:3)
  2 bullfrog skeletons (D:6)
  2 gnoll shamans
  An iguana (D:3)
  27 orc wizards
  A killer bee zombie (D:5)
  3 howler monkey zombies
  Robin (D:3)
  4 adders
  16 gnolls
  2 shadow imps
  2 white imps (D:6)
  2 adder skeletons
  3 worms
  The ghost of glosham the Sneak, a weakling DjDe (D:7)
  5 dart slugs
  59 orcs
  8 ball pythons
  5 bats
  A bat skeleton (D:2)
  11 endoplasms
  2 giant cockroaches (D:3)
  20 goblins
  11 hobgoblins
  4 jackals (D:2)
  28 kobolds
  3 quokkas
  5 frilled lizards
  7 rats
581 creatures vanquished.

Vanquished Creatures (collateral kills)
  An orc knight (Orc:2)
  A salamander (shapeshifter) (D:9)
  A cyclops (D:9)
  An orc (Orc:2)
4 creatures vanquished.

Vanquished Creatures (others)
  An orc high priest (Orc:2)
  An orc knight (Orc:2)
  2 orc warriors (Orc:2)
  43 fungi
  63 plants
110 creatures vanquished.

Grand Total: 695 creatures vanquished

Notes
Turn   | Place    | Note
-------+----------+-------------------------------------------
     0 | D:1      | Froggeryz the Draconian Berserker began the quest for the
                  | Orb.
     0 | D:1      | Reached XP level 1. HP: 19/19 MP: 1/1
   183 | D:1      | Reached XP level 2. HP: 26/26 MP: 2/2
   310 | D:1      | You fall into a shaft and drop 1 floor!
   330 | D:2      | Reached skill level 4 in Maces & Flails
   549 | D:2      | Found a faded altar of an unknown god.
   590 | D:2      | Reached XP level 3. HP: 31/31 MP: 3/3
   950 | D:1      | HP: 1/46 [frozen (4)]
  1789 | D:2      | Reached XP level 4. HP: 38/38 MP: 4/4
  1800 | D:2      | You fall into a shaft and drop 1 floor!
  1872 | D:2      | Reached skill level 5 in Maces & Flails
  2227 | D:2      | Reached ** piety under Trog
  2869 | D:3      | Noticed Purgy
  2878 | D:3      | Killed Purgy
  2879 | D:3      | Reached skill level 6 in Maces & Flails
  2879 | D:3      | Reached XP level 5. HP: 31/45 MP: 5/5
  3305 | D:3      | Noticed Robin
  3606 | D:3      | Reached XP level 6. HP: 37/51 MP: 6/6
  3624 | D:3      | Killed Robin
  3782 | D:3      | Found a burning altar of Makhleb.
  3802 | D:3      | Reached *** piety under Trog
  3803 | D:3      | Reached skill level 7 in Maces & Flails
  3965 | D:3      | Found a shimmering blue altar of Sif Muna.
  4366 | D:4      | Noticed Edmund
  4371 | D:4      | Your scales start taking on an icy white colour.
  4371 | D:4      | Reached XP level 7. HP: 57/57 MP: 7/7
  4371 | D:4      | Gained mutation: Your flesh is cold resistant. (rC+) [White
                  | Draconian growth]
  4376 | D:4      | Killed Edmund
  4377 | D:4      | Reached skill level 8 in Maces & Flails
  4983 | D:4      | Noticed Pikel
  5004 | D:4      | Killed Pikel
  5005 | D:4      | Reached skill level 9 in Maces & Flails
  5005 | D:4      | Reached skill level 5 in Dodging
  5005 | D:4      | Reached XP level 8. HP: 61/63 MP: 8/8
  5140 | D:4      | Found a runed translucent door.
  5141 | D:4      | Noticed Crazy Yiuf
  5652 | D:4      | Killed Crazy Yiuf
  5749 | D:5      | Entered Level 5 of the Dungeon
  5816 | D:5      | Found a snail-covered altar of Cheibriados.
  5970 | D:5      | Found a stormy altar of Qazlal.
  5999 | D:5      | Found an opulent altar of Gozag.
  6132 | D:5      | Reached skill level 10 in Maces & Flails
  6415 | D:5      | Found a staircase to the Ecumenical Temple.
  6420 | D:5      | Reached **** piety under Trog
  6936 | Temple   | Entered the Ecumenical Temple
  7434 | D:6      | Reached XP level 9. HP: 43/70 MP: 9/9
  7999 | D:6      | You are sucked into a shaft and drop 2 floors!
  8017 | D:8      | Reached skill level 11 in Maces & Flails
  8194 | D:7      | Found Icsucemo's Armour Emporium.
  8209 | D:7      | Bought a +0 pair of boots for 54 gold pieces
  8214 | D:7      | Bought a +0 hat for 48 gold pieces
  8292 | D:7      | Noticed a gargoyle
  8776 | D:7      | Noticed Joseph
  8798 | D:7      | Killed Joseph
  9113 | D:7      | Found a shimmering altar of Xom.
  9332 | D:7      | Found a runed translucent door.
  9335 | D:7      | Noticed glosham's ghost (weakling DjDe)
  9335 | D:7      | Noticed a gargoyle
  9423 | D:7      | Killed a gargoyle
  9424 | D:7      | Reached skill level 12 in Maces & Flails
  9558 | D:6      | Identified the +8 hunting sling of Moderation {flame,
                  | rCorr}
 10370 | D:7      | Killed a gargoyle
 10371 | D:7      | Reached XP level 10. HP: 72/77 MP: 10/10
 10372 | D:7      | Killed glosham's ghost
 10380 | D:7      | Identified the +6 shortbow of Purpose {speed, Fragile Will+
                  | Stlth+}
 10959 | D:8      | Found a staircase to the Lair.
 11101 | D:8      | Reached skill level 13 in Maces & Flails
 11570 | D:8      | Found a blossoming altar of Fedhas.
 11626 | D:8      | Reached ***** piety under Trog
 12009 | D:8      | Found a sacrificial altar of Ru.
 12280 | D:9      | Noticed a two-headed ogre
 12518 | D:9      | Identified the ring "Eleesch" {Fire rN+ Will- Str+2}
 12669 | D:9      | Killed a two-headed ogre
 12926 | D:9      | Noticed an eight-headed hydra
 12926 | D:9      | Noticed a harpy
 12926 | D:9      | Noticed a cyclops
 12926 | D:9      | Noticed a two-headed ogre
 12929 | D:9      | Noticed a salamander
 12929 | D:9      | a harpy changed into a salamander
 12932 | D:9      | Killed a salamander
 12934 | D:9      | Killed a cyclops
 12956 | D:9      | Killed a two-headed ogre
 12957 | D:9      | Reached skill level 14 in Maces & Flails
 12957 | D:9      | Reached XP level 11. HP: 82/82 MP: 11/11
 13024 | D:9      | Found a broken altar of Ashenzari.
 13261 | D:9      | Noticed a six-headed hydra
 13264 | D:9      | Noticed a centaur warrior
 13498 | D:9      | Killed an eight-headed hydra
 13958 | D:9      | Noticed a brown ugly thing
 13987 | D:8      | Killed a brown ugly thing
 14089 | D:9      | Killed a six-headed hydra
 14463 | D:9      | Killed a centaur warrior
 14695 | D:10     | Entered Level 10 of the Dungeon
 15235 | D:10     | Reached skill level 15 in Maces & Flails
 15521 | D:10     | Found an iron altar of Okawaru.
 15747 | D:10     | Reached skill level 10 in Dodging
 16020 | D:10     | Found a bloodstained altar of Trog.
 16275 | D:11     | Noticed an eight-headed hydra
 16692 | Lair:1   | Entered Level 1 of the Lair of Beasts
 18006 | Lair:1   | Reached XP level 12. HP: 92/92 MP: 12/12
 18107 | Lair:1   | Reached skill level 5 in Fighting
 18814 | Lair:2   | Reached skill level 16 in Maces & Flails
 19540 | Lair:1   | Reached skill level 1 in Slings
 19599 | Lair:2   | Found a blossoming altar of Fedhas.
 19730 | Lair:2   | You are sucked into a shaft and drop 1 floor!
 20078 | Lair:3   | Noticed an eight-headed hydra
 20107 | Lair:3   | Killed an eight-headed hydra
 20673 | Lair:3   | Identified the +4 glaive "Zyukareck" {vorpal, Contam rC+++
                  | Str+3 SInv} (Trog gifted it to you on level 3 of the Lair
                  | of Beasts)
 20673 | Lair:3   | Received a gift from Trog
 21012 | Lair:3   | Found a staircase to the Snake Pit.
 21141 | Lair:2   | Noticed a seven-headed hydra
 21152 | Lair:2   | Killed a seven-headed hydra
 22045 | Lair:3   | Found a staircase to the Swamp.
 23137 | Lair:4   | Reached skill level 10 in Fighting
 24103 | Lair:5   | Reached XP level 13. HP: 89/113 MP: 13/13
 24108 | Lair:5   | Reached skill level 5 in Slings
 25603 | Lair:5   | Noticed Josephine
 26376 | Lair:5   | Killed Josephine
 26702 | Lair:6   | Entered Level 6 of the Lair of Beasts
 27763 | Lair:6   | Identified the ring of Eczewk {rElec rPois rCorr MP+9
                  | Int-4}
 27854 | Lair:6   | Identified a scroll of acquirement
 27854 | Lair:6   | Acquired a manual of Throwing
 28093 | Lair:6   | Found a viscous altar of Jiyva.
 28093 | Lair:6   | Found a staircase to the Slime Pits.
 28580 | Lair:5   | HP: 8/183 [death yak (5)]
 29290 | Lair:6   | Reached XP level 14. HP: 44/129 MP: 14/14
 31121 | D:11     | Found a white marble altar of Elyvilon.
 32575 | D:12     | Reached skill level 1 in Shields
 32629 | D:12     | Found a staircase to the Orcish Mines.
 32648 | Orc:1    | Entered Level 1 of the Orcish Mines
 32975 | Orc:2    | Entered Level 2 of the Orcish Mines
 33077 | Orc:2    | Received a gift from Trog
 33129 | Orc:2    | Noticed Snorg
 33142 | Orc:2    | Killed Snorg
 33506 | Orc:2    | Found a staircase to the Elven Halls.
 33807 | Orc:1    | Reached skill level 5 in Shields
 34710 | Orc:2    | Gained mutation: You are frail. (-10% HP) [a neqoxec]
 34983 | Orc:2    | Found Ziusaxta's Assorted Antiques.
 34983 | Orc:2    | Found Tost's Antique Armour Shop.
 34986 | Orc:2    | Found Amnoluat's Jewellery Shop.
 34986 | Orc:2    | Found Ilur's Assorted Antiques.
 34996 | Orc:2    | Bought a white potion for 24 gold pieces
 35000 | Orc:2    | Bought a scroll of blinking for 217 gold pieces
 35000 | Orc:2    | Bought a scroll of teleportation for 87 gold pieces
 35000 | Orc:2    | Bought a scroll of fear for 101 gold pieces
 35000 | Orc:2    | Bought a potion of haste for 290 gold pieces
 35005 | Orc:2    | Bought a runed scarf for 200 gold pieces
 35005 | Orc:2    | Bought a runed cloak for 187 gold pieces
 35005 | Orc:2    | Bought a pair of runed gloves for 187 gold pieces
 35005 | Orc:2    | Bought a steaming buckler for 237 gold pieces
 35005 | Orc:2    | Identified the -4 buckler "Itazithru" {Harm Fly rF- Dex+3}
                  | (You bought it in a shop on level 2 of the Orcish Mines)
 37159 | D:14     | Found a transporter.
 37215 | D:14     | Reached ****** piety under Trog
 37497 | D:14     | Engulfed by a cloud of flame

Illustrated notes

Levels and vault maps discovered:
D:1:      moated_graveyard_arrival, layout_basic,
          corexii_item_surrounded_by_moat
D:2:      minmay_chambers_of_twos, layout_rooms,
          shapermc_ecumenical_altar_mp_urbaneastern,
          minmay_randomly_rotated_circles
D:3:      layout_rooms, demons_altar, lemuel_coloured_pillars_altar, uniq_purgy,
          uniq_robin
D:4:      layout_basic, uniq_pikel, uniq_crazy_yiuf_cottage, uniq_edmund
D:5:      layout_basic, old_standard_altar, kennysheep_slug_shrine,
          nicolae_qazlal_general_emergency, minmay_temple_entry_glassed_door
D:6:      layout_cave_pods, nicolae_underground_beach
D:7:      layout_basic, kennysheep_mini_moat, ebering_ghost_inner_flame,
          serial_shops, shop, serial_aquarium, aquarium_bridge_long_separate
          [aquarium_subvault_bridge, aquarium_subvault_window,
          aquarium_subvault_bridge, aquarium_subvault_bridge,
          aquarium_subvault_window, aquarium_subvault_bridge],
          aquarium_bridge_straight [aquarium_subvault_bridge,
          aquarium_subvault_window, aquarium_subvault_bridge,
          aquarium_subvault_window], aquarium_window_1,
          aquarium_window_corridor_1, aquarium_view_2d, aquarium_view_2f,
          aquarium_balcony_1b, uniq_joseph
D:8:      layout_loops_ring, marbit_many_paths, nicolae_ru_path_of_blood,
          lair_entry_dummy, special_room [special_room_kobold],
          minmay_misc_feat_x, serial_park_tiny_1
D:9:      layout_loops_ring, old_standard_altar, minivault_28
D:10:     layout_rooms, okawaru_trees_2, trog_hazing_becter
D:11:     layout_cave_pods, nicolae_elyvilon_peaceful_grove
D:12:     layout_long_grid, erik_orc_1
D:13:     layout_rooms
D:14:     gammafunk_worm_tunnel, layout_basic, david_vaults_1, chequers_garden
Temple:   minmay_temple_curvy_loop
Lair:1:   layout_loops_ring, portal_ice_cave_entry_ice_beasts,
          beast_lair_carwin_2, lemuel_fruit_fields
Lair:2:   layout_roguey, tgw_fedhas
Lair:3:   layout_chaotic_city, swamp_mist_pool, guppyfry_snake_entry_island,
          bh_autumn_forest_stairs, serial_bayou_shore_b
Lair:4:   layout_roguey, grunt_forest_small_clearing_treed
Lair:5:   layout_cave_pods, minivault_24, grunt_megastairs_2,
          infiniplex_staircase_pool, lemuel_fruit_fields, serial_bayou_shore_a,
          uniq_josephine
Lair:6:   evilmike_catoblepas_cave, layout_regular_city, slime_altar_1,
          minmay_lair_oklob_chamber
Orc:1:    layout_diamond_mine
Orc:2:    grunt_orc_tribal_feast, layout_diamond_mine, uniq_snorg

Skill      XL: |  1  2  3  4  5  6  7  8  9 10 11 12 13 14 |
---------------+-------------------------------------------+-----
Maces & Flails | 4 6 7 9 10 12 14 15 16 | 16.0
Dodging        | 3 5 6 7 9 10 | 10.3
Fighting       | 4 10 13 14 | 14.2
Slings         | 4 7 8 |  8.1
Shields        | 9 |  9.7

Action                   |  1- 3 |  4- 6 |  7- 9 | 10-12 | 13-15 || total
-------------------------+-------+-------+-------+-------+-------++-------
Melee: Mace              |    78 |   191 |   285 |   712 |       ||  1266
       Tailslap          |     9 |    23 |    44 |   119 |   171 ||   366
       Flail             |       |       |       |   110 |   926 ||  1036
 Fire: Hunting sling     |       |       |       |    72 |    16 ||    88
Throw: Boomerang         |       |       |       |     5 |       ||     5
Invok: Berserk           |     2 |     9 |    15 |    22 |    21 ||    69
       Trog's Hand       |       |       |       |     5 |     3 ||     8
       Brothers in Arms  |       |       |       |     1 |       ||     1
 Abil: Breathe Frost     |       |       |       |       |     2 ||     2
Evoke: Wand              |       |       |       |    31 |    12 ||    43
  Use: Scroll            |       |     6 |     4 |    12 |     8 ||    30
       Potion            |       |     2 |       |       |       ||     2
 Stab: Sleeping          |     1 |       |       |     1 |       ||     2
       Paralysed         |       |       |       |     4 |       ||     4
       Petrified         |       |       |       |       |     7 ||     7
       Distracted        |       |       |       |       |     1 ||     1
Armor: Skin              |    20 |    71 |    84 |   210 |   192 ||   577
Dodge: Dodged            |    47 |   129 |   157 |   470 |   385 ||  1188
Block: Other             |       |       |       |     6 |   120 ||   126
       Buckler           |       |       |       |       |    87 ||    87
       Reflection        |       |       |       |       |     5 ||     5

Table legend: (Time is in decaauts)
 A = Elapsed time spent in this place.
 B = Non-inter-level travel time spent in this place.
 C = Inter-level travel time spent in this place.
 D = Time resting spent in this place.
 E = Time spent auto-exploring this place.
 F = Levels seen in this place.
 G = Mean time per level.
                   A        B        C        D        E       F      G
               +--------+--------+--------+--------+--------+-----+--------+
         Total |  37700 |  35536 |   2164 |   9196 |  21596 |  23 | 1639.1 |
       Dungeon |  21518 |  20214 |   1304 |   5664 |  11840 |  14 | 1537.0 |
        Temple |      1 |      1 |      0 |      0 |      0 |   1 |    1.0 |
          Lair |  13732 |  12989 |    743 |   3241 |   8192 |   6 | 2288.7 |
  Orcish Mines |   2447 |   2330 |    117 |    290 |   1563 |   2 | 1223.5 |
               +--------+--------+--------+--------+--------+-----+--------+

Top non-repeatable levels by time:
  Lair:5: 3299 daAuts
     D:8: 3079 daAuts
  Lair:6: 2956 daAuts
  Lair:1: 2440 daAuts
     D:9: 1928 daAuts
     D:4: 1912 daAuts
  Lair:3: 1888 daAuts
  Lair:4: 1752 daAuts
     D:2: 1716 daAuts
     D:7: 1604 daAuts
    D:10: 1555 daAuts
     D:5: 1513 daAuts
   Orc:2: 1499 daAuts
    D:12: 1428 daAuts
  Lair:2: 1394 daAuts
